 Dungeon Crawl Stone Soup version 0.30-a0-800-g7c544603b3 (webtiles) character file.

Game seed: 2359514750397942965

656 AzureAlchemist the Ducker (level 7, -7/33 HPs)
             Began as a Vine Stalker Transmuter on Feb 21, 2023.
             Engulfed by a steam dragon's steam (11 damage)
             ... on level 5 of the Dungeon.
             The game lasted 00:23:36 (3801 turns).

AzureAlchemist the Ducker (Vine Stalker Transmuter) Turns: 3801, Time: 00:23:36

Health: -7/33      AC:  3    Str: 12    XL:     7   Next: 55%
Magic:  0/12       EV: 14    Int: 13    God:
Gold:   155        SH:  5    Dex: 17    Spells: 2/12 levels left

rFire   . . .      SeeInvis .    a - +2 dagger (vamp)
rCold   + . .      Faith    .    (no shield)
rNeg    . . .      Spirit   +    h - +0 robe
rPois   .          Reflect  +    (helmet currently unavailable)
rElec   .          Harm     .    f - +0 cloak
rCorr   .          Rampage  .    (no gloves)
Will    +....                    (boots currently unavailable)
Stlth   ++                       m - amulet of reflection
HPRegen 1.05/turn                o - ring of protection from cold
MPRegen 0.13/turn                w - ring of willpower

@: appendages (expiring)
A: horns 2, talons 2, fangs 2, regeneration 1, magic shield, antimagic bite, no
potion heal 2
a: End Transformation


You were on level 5 of the Dungeon.
You had temporarily grown beastly horns and talons.
You visited 1 branch of the dungeon, and saw 5 of its levels.

You collected 245 gold pieces.
You spent 90 gold pieces at shops.

Inventory:

Hand Weapons
 a - a +2 vampiric dagger (weapon)
 b - a +1 sling of draining
 n - a +1 hand axe of electrocution
Missiles
 q - 15 poisoned darts
 s - 2 throwing nets
Armour
 d - a +0 pair of boots (melded)
 f - a +0 cloak (worn)
 h - a +0 robe (worn)
 r - a +0 helmet (melded)
Jewellery
 m - an amulet of reflection (around neck)
 o - a ring of protection from cold (left hand)
 w - a ring of willpower (right hand)
Wands
 g - a wand of polymorph (6)
 t - a wand of quicksilver (14)
 u - a wand of roots (13)
Scrolls
 c - 3 scrolls of identify
 l - 2 scrolls of teleportation
 p - a scroll of immolation
Potions
 e - 3 potions of curing {unknown}
 i - a potion of might {unknown}
 j - a potion of lignification
 k - a potion of haste {unknown}
 v - a potion of mutation {unknown}
 x - a potion of flight {unknown}


   Skills:
 - Level 1.0 Fighting
 + Level 4.4 Dodging
 - Level 4.0 Unarmed Combat
 - Level 3.0 Spellcasting
 + Level 3.7 Transmutations
 + Level 3.7 Poison Magic


You had 2 spell levels left.
You knew the following spells:

 Your Spells              Type           Power      Damage    Failure   Level
a - Beastly Appendage     Tmut           22%        N/A       4%          1
b - Wereblood             Tmut           11%        N/A       8%          2
c - Spider Form           Tmut/Pois      11%        N/A       16%         3
d - Ice Form              Ice/Tmut       6%         N/A       71%         4

Your spell library contained the following spells:

 Spells                   Type           Power      Damage    Failure   Level
 Freeze                   Ice            4%         1d3       22%         1
 Blink                    Tloc           2%         N/A       34%         2
 Lesser Beckoning         Tloc           2%         N/A       34%         2
 Momentum Strike          Conj/Tloc      2%         3d8       34%         2
 Frozen Ramparts          Ice            2%         1d1       56%         3
 Hailstorm                Conj/Ice       1%         3d3       56%         3


Dungeon Overview and Level Annotations

Branches:
Dungeon (4/15)
 Temple: D:4-7

Altars:
Zin

Shops:
D:2 *

Annotations:
D:3 3 runed translucent doors, exclusion: 3 doors, dolemite99's ghost, amateur DrCj


Innate Abilities, Weirdness & Mutations

You have temporarily grown beastly horns and talons.
You have extremely sharp teeth.
Your natural rate of healing is unusually fast.
When hurt, damage is shared between your health and your magic reserves.
Your bite disrupts and absorbs the magic of your enemies.
Potions cannot restore your health.


Message History

The steam dragon is lightly wounded.
You are engulfed in a cloud of scalding steam.
Your transformation is almost over.
The steam dragon misses you. The steam dragon closely misses you.
You hit the steam dragon but do no damage.
You headbutt the steam dragon!
You bite the steam dragon, but do no damage.
The steam dragon is moderately wounded.
The steam dragon misses you. The steam dragon claws you.
You barely miss the steam dragon. Your bite misses the steam dragon.
The steam dragon is moderately wounded.
You are engulfed in a cloud of scalding steam.
You block the steam dragon's attack. The steam dragon barely misses you.
You barely miss the steam dragon. Your bite misses the steam dragon.
The steam dragon is moderately wounded.
The steam dragon misses you. The steam dragon claws you.
You hit the steam dragon.
You feel better.
You headbutt the steam dragon.
The steam dragon is heavily wounded.
The steam dragon bites you but does no damage.
The steam dragon claws you.
You hit the steam dragon.
You feel better.
You headbutt the steam dragon. You bite the steam dragon. You drain its power.
You feel invigorated.
The steam dragon is severely wounded.
The steam dragon breathes steam at you. The ball of steam hits you!
* * * LOW HITPOINT WARNING * * *
Okay, then.
You closely miss the steam dragon.
The steam dragon is severely wounded.
You are engulfed in a cloud of scalding steam.
* * * LOW HITPOINT WARNING * * *
The steam dragon bites you.
* * * LOW HITPOINT WARNING * * *
The steam dragon claws you but does no damage.
You closely miss the steam dragon. Your kick misses the steam dragon.
You headbutt the steam dragon, but do no damage.
Your bite misses the steam dragon.
The steam dragon is severely wounded.
You are engulfed in a cloud of scalding steam.
You die...

.. #.##.## ##.#.#
...#..).# #...#
.........## ##†###
....####..###.## ...
#.#....# # #.##.#.#
#.##.#.#
#.##.#.####.#
#......D@§§.#
#.##.#.######
#.#.##.......#######
.......#.###........
.........# #########
#.####.### #. #. #.


You could see a steam dragon.

Vanquished Creatures
  A phantom (D:5)
  A scorpion (D:3)
  2 jellies
  2 orc priests (D:5)
  3 iguanas
  Natasha (thrice) (D:3)
  An orc wizard (D:5)
  Robin (D:4)
  4 adders
  7 gnolls
  A white imp (D:2)
  5 worms
  A dart slug (D:4)
  An orc (D:5)
  3 ball pythons
  5 bats
  8 endoplasms
  A giant cockroach (D:2)
  12 goblins
  8 hobgoblins
  6 jackals
  13 kobolds
  5 quokkas
  A frilled lizard (D:3)
  3 rats
98 creatures vanquished.

Vanquished Creatures (others)
  A goblin (D:4)
1 creature vanquished.

Grand Total: 99 creatures vanquished

Notes
Turn   | Place    | Note
-------+----------+-------------------------------------------
     0 | D:1      | AzureAlchemist the Vine Stalker Transmuter began the quest
                  | for the Orb.
     0 | D:1      | Reached XP level 1. HP: 9/9 MP: 4/4
   247 | D:1      | Reached XP level 2. HP: 11/14 MP: 6/6
   710 | D:1      | Reached XP level 3. HP: 17/17 MP: 6/8
  1206 | D:1      | Learned a level 2 spell: Wereblood
  1467 | D:2      | Learned a level 3 spell: Spider Form
  1579 | D:2      | Found Tajeagopt's Assorted Antiques.
  1586 | D:2      | Bought a glowing sling for 90 gold pieces
  1609 | D:2      | Found a glowing silver altar of Zin.
  1640 | D:2      | Gained mutation: Your natural rate of healing is unusually
                  | fast. [Vine Stalker growth]
  1640 | D:2      | Reached XP level 4. HP: 21/21 MP: 9/9
  1964 | D:3      | Noticed a scorpion
  2122 | D:3      | Found a runed translucent gate.
  2124 | D:3      | Found a runed translucent gate.
  2125 | D:3      | Found a runed translucent gate.
  2149 | D:3      | Noticed dolemite99's ghost (amateur DrCj)
  2356 | D:3      | Reached XP level 5. HP: 25/25 MP: 10/10
  2384 | D:3      | Learned a level 4 spell: Ice Form
  2445 | D:3      | Reached skill level 1 in Poison Magic
  2577 | D:3      | Noticed Natasha
  2588 | D:3      | Killed Natasha
  2589 | D:3      | Reached XP level 6. HP: 29/29 MP: 11/11
  2834 | D:3      | Noticed Natasha
  2839 | D:3      | Killed Natasha
  2843 | D:3      | Noticed Natasha
  2853 | D:3      | Killed Natasha
  2931 | D:4      | Noticed Robin
  3044 | D:4      | Killed Robin
  3340 | D:4      | You fall into a shaft and drop 1 floor!
  3340 | D:5      | Entered Level 5 of the Dungeon
  3575 | D:5      | Reached skill level 1 in Fighting
  3575 | D:5      | Reached XP level 7. HP: 33/33 MP: 12/12
  3777 | D:5      | Noticed a steam dragon
  3801 | D:5      | Engulfed by a steam dragon's steam

Illustrated notes

Levels and vault maps discovered:
D:1:      doesnt_arrival_eight_statues, layout_loops_ring
D:2:      layout_basic, basic_altar, serial_shops, nicolae_shop_crystal,
          minmay_cupped
D:3:      layout_rooms, gammafunk_ghost_icy, uniq_natasha
D:4:      layout_rooms, minmay_misc_feat_cross, st_stairs_11, uniq_robin
D:5:      layout_loops_ring, makhleb_blood_cavern_becter, chei_slow_surprise,
          uniq_eustachio, uniq_edmund, uniq_prince_ribbit1, uniq_grinder

Skill      XL: |  1  2  3  4  5  6 |
---------------+-------------------+-----
Dodging        | 2 3 4 |  4.4
Spellcasting   | 3 |  3.0
Transmutations | 3 |  3.7
Poison Magic   | 1 3 |  3.7
Fighting       | 1 |  1.0
Unarmed Combat | 4 |  4.0

Action                     |  1- 3 |  4- 6 |  7- 9 || total
---------------------------+-------+-------+-------++-------
  Melee: Unarmed           |    59 |       |       ||    59
         Bite              |    22 |    28 |    18 ||    68
         Kick              |    14 |    25 |     9 ||    48
         Headbutt          |     6 |     8 |    10 ||    24
         Punch             |     1 |     2 |       ||     3
         Dagger            |     8 |    92 |    47 ||   147
         Hand axe          |       |       |     4 ||     4
   Fire: Sling             |     7 |    79 |    13 ||    99
  Throw: Dart              |       |     7 |       ||     7
   Cast: Beastly Appendage |    20 |    20 |     5 ||    45
         Wereblood         |       |     1 |       ||     1
    Use: Scroll            |       |     3 |       ||     3
   Stab: Sleeping          |     1 |     2 |       ||     3
 Armour: Robe              |    10 |     8 |     5 ||    23
  Dodge: Dodged            |    40 |    47 |    28 ||   115
  Block: Other             |       |    15 |    11 ||    26
         Reflection        |       |     1 |       ||     1

Table legend: (Time is in decaauts)
 A = Elapsed time spent in this place.
 B = Non-inter-level travel time spent in this place.
 C = Inter-level travel time spent in this place.
 D = Time resting spent in this place.
 E = Time spent auto-exploring this place.
 F = Levels seen in this place.
 G = Mean time per level.
                   A        B        C        D        E       F      G
               +--------+--------+--------+--------+--------+-----+--------+
         Total |   3817 |   3510 |    307 |    688 |   1674 |   5 |  763.4 |
       Dungeon |   3817 |   3510 |    307 |    688 |   1674 |   5 |  763.4 |
               +--------+--------+--------+--------+--------+-----+--------+

Top non-repeatable levels by time:
     D:1: 1253 daAuts
     D:3: 893 daAuts
     D:2: 829 daAuts
     D:5: 462 daAuts
     D:4: 378 daAuts
